Map: New Repugnancy LE

Players

Serral

  • Race: Zerg Zerg
  • League: Master
  • Spawn Location: 1:00

Reynor - Winner!

  • Race: Zerg Zerg
  • League: Master
  • Spawn Location: 7:00

Event: 2019 WCS Winter Europe

VOD

Have the link to the VOD?

Description

Time

  • Played on: March 24, 2019, 9:17 a.m.
  • Length: 10:10

All games in this series

Show
View Real Time Build Order
Export as new Build Order

Serral Zerg 

Build Orders: Hatch First 

Get SALT Encoding   

  12  0:00  Drone  
  13  0:12  Overlord  
  13  0:16  Drone  
  14  0:30  Drone x2  
  16  0:48  Hatchery  
  15  0:51  Drone  
  15  0:55  Drone  
  17  0:58  Drone  
  18  1:09  Extractor  
  17  1:13  Spawning Pool  
  17  1:17  Drone  
  17  1:20  Drone  
  18  1:27  Drone  
  19  1:38  Drone  
  20  1:48  Hatchery  
  20  1:51  Drone  
  20  1:59  Queen  
  22  2:06  Zergling x2  
  23  2:11  Metabolic Boost  
  23  2:14  Drone  
  24  2:16  Drone  
  24  2:21  Overlord  
  25  2:26  Drone  
  25  2:28  Drone  
  27  2:32  Drone  
  28  2:39  Queen  
  28  2:41  Drone  
  31  2:44  Drone  
  31  2:47  Drone  
  33  3:00  Overlord  
  33  3:01  Queen  
  33  3:03  Zergling x4  
  37  3:09  Zergling x6  
  37  3:10  Zergling x2  
  41  3:13  Drone  
  41  3:19  Drone x2  
  44  3:20  Evolution Chamber  
  44  3:26  Drone x3  
  46  3:33  Drone x2  
  48  3:39  Roach Warren  
  48  3:40  Overlord  
  47  3:45  Drone x2  
  47  3:48  Zerg Missile Weapons Level 1  
  49  3:49  Drone  
  50  3:56  Extractor x2, Drone x2  
  50  3:59  Drone x3  
  50  4:02  Overlord  
  53  4:13  Overlord  
  53  4:19  Roach x2  
  53  4:20  Overlord  
  53  4:21  Roach x2  
  61  4:27  Roach x2  
  61  4:29  Lair  
  65  4:32  Overlord  
  65  4:37  Drone x2  
  65  4:38  Drone  
  68  4:39  Drone  
  68  4:42  Drone  
  68  4:44  Roach  
  72  4:46  Roach  
  72  4:50  Overlord  
  74  4:53  Drone x2  
  74  4:55  Roach  
  74  4:58  Roach  
  80  5:01  Roach  
  80  5:03  Roach  
  80  5:04  Drone  
  80  5:06  Overlord  
  85  5:09  Extractor, Drone  
  85  5:11  Roach  
  87  5:15  Roach x2  
  91  5:23  Roach x3  
  91  5:26  Overseer  
  91  5:27  Glial Reconstitution  
  97  5:31  Overlord  
  97  5:33  Drone x3  
  97  5:34  Drone  
  97  5:35  Drone  
  102  5:37  Overlord  
  102  5:40  Overlord  
  102  5:46  Zerg Missile Weapons Level 2  
  102  5:54  Spore Crawler  
  102  5:55  Spore Crawler x2  
  102  5:56  Queen  
  101  6:00  Spore Crawler  
  101  6:03  Queen  
  102  6:04  Overseer  
  102  6:10  Drone  
  103  6:11  Drone  
  103  6:13  Drone  
  103  6:14  Drone  
  103  6:16  Drone  
  103  6:18  Drone  
  105  6:20  Drone x2  
  105  6:23  Overlord  
  107  6:25  Overlord  
  107  6:26  Overlord  
  107  6:27  Overlord  
  107  6:29  Overlord  
  105  6:33  Overlord  
  105  6:37  Overlord  
  105  6:40  Overlord  
  105  6:47  Roach, Drone x3  
  106  6:48  Roach x2  
  106  6:52  Ravager x3  
  115  6:54  Overlord  
  115  6:57  Roach x2  
  115  6:58  Ravager  
  115  7:00  Overlord  
  120  7:02  Pneumatized Carapace  
  120  7:03  Overseer  
  120  7:04  Roach  
  120  7:07  Roach x2  
  126  7:10  Overseer  
  126  7:12  Roach x2  
  130  7:18  Overlord  
  130  7:19  Roach x3  
  130  7:22  Extractor  
  135  7:28  Roach x5  
  145  7:38  Drone x2  
  145  7:39  Drone  
  145  7:40  Overlord, Drone  
  145  7:43  Roach x4  
  157  7:54  Overlord  
  157  7:55  Hydralisk Den  
  156  8:04  Overlord  
  156  8:08  Drone x3  
  156  8:09  Extractor  
  156  8:12  Drone, Spine Crawler  
  158  8:13  Spore Crawler, Drone  
  158  8:14  Ravager x3  
  158  8:15  Roach x5  
  172  8:20  Spine Crawler  
  169  8:27  Lurker Den  
  169  8:30  Ravager  
  169  8:31  Roach x7  
  171  8:38  Roach x4  
  143  8:52  Roach  
  143  8:53  Roach x5  
  127  8:57  Roach  
  127  8:58  Overseer  
  127  9:00  Queen x2  
  129  9:03  Roach x3  
  129  9:09  Roach  
  125  9:10  Roach x2  
  125  9:15  Roach x2  
  125  9:16  Queen  
  108  9:23  Roach  
  106  9:25  Roach  
  106  9:30  Ravager x2  
  112  9:32  Ravager  
  112  9:36  Roach  
  112  9:38  Roach  
  119  9:39  Roach  
  115  9:47  Roach  
  115  9:48  Roach  
  115  9:49  Roach  
Show
View Real Time Build Order
Export as new Build Order

Reynor Zerg - Winner!

Build Orders: Hatch First, Lurkers 

Get SALT Encoding   

  12  0:00  Drone  
  13  0:12  Overlord  
  13  0:16  Drone  
  14  0:30  Drone x2  
  16  0:48  Hatchery  
  15  0:52  Drone  
  15  0:55  Drone  
  17  0:58  Drone  
  18  1:09  Extractor  
  17  1:14  Spawning Pool  
  17  1:17  Drone  
  17  1:20  Drone  
  18  1:27  Drone  
  19  1:38  Drone  
  20  1:50  Drone  
  21  2:01  Overlord  
  21  2:02  Queen x2, Drone  
  26  2:10  Drone x2  
  28  2:21  Drone x2  
  30  2:31  Zergling x2  
  30  2:32  Drone  
  32  2:38  Queen  
  32  2:40  Lair  
  32  2:42  Overlord  
  32  2:43  Drone  
  35  2:51  Evolution Chamber  
  35  2:55  Drone x2  
  36  3:03  Drone  
  36  3:05  Drone  
  38  3:10  Drone x4  
  42  3:14  Overlord  
  42  3:15  Roach Warren  
  42  3:19  Extractor  
  40  3:20  Extractor  
  40  3:22  Drone x2  
  40  3:24  Drone  
  41  3:27  Zerg Missile Weapons Level 1  
  41  3:30  Extractor  
  41  3:33  Evolution Chamber, Drone  
  40  3:37  Drone  
  40  3:39  Drone  
  40  3:40  Drone  
  44  3:41  Drone  
  44  3:48  Overlord  
  44  3:55  Roach x3  
  50  4:03  Spire  
  50  4:04  Drone  
  50  4:10  Roach  
  50  4:11  Drone  
  50  4:12  Drone  
  50  4:15  Drone  
  55  4:18  Glial Reconstitution  
  55  4:21  Drone  
  55  4:23  Drone  
  57  4:28  Overlord  
  57  4:29  Drone  
  57  4:30  Drone  
  59  4:32  Drone  
  59  4:36  Overlord  
  60  4:50  Roach x2  
  60  4:52  Overlord  
  64  4:54  Roach  
  64  4:55  Roach  
  68  5:19  Mutalisk x6  
  68  5:20  Hatchery  
  79  5:26  Mutalisk  
  81  5:35  Overlord x2, Hydralisk Den  
  80  5:38  Drone x2  
  80  5:39  Drone  
  83  5:49  Overlord  
  83  5:54  Roach x5  
  93  5:57  Roach  
  95  6:05  Drone x3  
  95  6:09  Lurker Den  
  97  6:14  Roach x3  
  97  6:17  Drone  
  104  6:18  Overlord  
  104  6:19  Drone  
  105  6:29  Overlord  
  105  6:38  Hydralisk x4  
  113  6:41  Hydralisk x2  
  117  6:49  Drone x4  
  117  6:51  Extractor  
  117  6:53  Roach x2  
  124  6:58  Overlord  
  124  7:02  Overlord  
  124  7:04  Roach x2  
  124  7:06  Overlord  
  128  7:15  Overlord  
  128  7:36  Drone  
  128  7:37  Lurker x2, Drone x2  
  131  7:38  Lurker x4  
  131  7:39  Roach  
  131  7:41  Extractor, Drone x5  
  131  7:42  Roach x2  
  147  7:44  Overlord  
  147  7:46  Roach x2  
  151  7:54  Roach x4  
  151  7:58  Overlord  
  159  8:04  Roach x4  
  159  8:05  Roach  
  169  8:13  Overlord x2  
  169  8:18  Roach x3  
  175  8:22  Roach  
  169  8:29  Roach x5  
  169  8:33  Roach  
  162  8:38  Roach x3  
  154  8:42  Roach x2  
  154  8:45  Roach  
  148  8:50  Roach x3  
  147  8:55  Roach x2  
  147  9:01  Roach x3  
  151  9:06  Roach x3  
  151  9:08  Roach  
  137  9:11  Roach  
  137  9:13  Roach  
  137  9:17  Roach x2  
  127  9:21  Roach x2  
  129  9:24  Roach  
  129  9:25  Roach  
  129  9:26  Ravager  
  129  9:27  Ravager x2  
  129  9:28  Ravager  
  129  9:31  Roach  
  137  9:34  Roach  
  137  9:35  Roach  
  141  9:40  Roach x3  
  141  9:44  Roach  
  143  9:46  Roach  
  143  9:50  Roach x2  
Tags
 
Add a new tag
Caveats
  • Supply blocks, unpowered buildings, or Contaminate may cause inaccurate times.
  • Supply counts are checked every 10 seconds.